 Dungeon Crawl Stone Soup version 0.29-a0-834-g1e95ca9f62 (webtiles) character file.

Game seed: 13700122877232977528

7 purpskrrrp the Sneak (level 2, -6/13 HPs)
             Began as a Vine Stalker Enchanter on July 13, 2022.
             Mangled by a gnoll
             ... wielding a +0 whip
              (7 damage)
             ... on level 1 of the Dungeon.
             The game lasted 00:00:37 (264 turns).

purpskrrrp the Sneak (Vine Stalker Enchanter)        Turns: 264, Time: 00:00:38

Health: -6/13      AC:  3    Str: 10    XL:     2   Next: 4%
Magic:  0/6        EV: 12    Int: 15    God:
Gold:   16         SH:  0    Dex: 14    Spells: 5/5 levels left

rFire   . . .      SeeInvis .   a - +1 dagger
rCold   . . .      Faith    .   (no shield)
rNeg    . . .      Spirit   +   b - +0 robe
rPois   .          Reflect  .   (no helmet)
rElec   .          Harm     .   (no cloak)
rCorr   .          Rampage  .   e - +0 pair of gloves
Will    .....                   (no boots)
Stlth   +++.......              (no amulet)
HPRegen 0.04/turn               (no ring)
MPRegen 0.10/turn               (no ring)

@: no status effects
A: fangs 2, magic shield, antimagic bite, no potion heal 2
a: no special abilities


You were on level 1 of the Dungeon.
You visited 1 branch of the dungeon, and saw 1 of its levels.

You collected 16 gold pieces.

Inventory:

Hand Weapons
 a - a +1 dagger (weapon)
Missiles
 d - 4 poisoned darts (quivered)
Armour
 b - a +0 robe (worn)
 e - a +0 pair of gloves (worn)
Potions
 c - 2 potions of invisibility
 f - a potion of degeneration {unknown}
 g - a potion of haste {unknown}


   Skills:
 + Level 0.8 Short Blades
 + Level 1.5 Dodging
 + Level 3.9 Stealth
 + Level 2.4 Spellcasting
 + Level 3.1 Hexes


You had 5 spell levels left.
You didn't know any spells.
Your spell library contained the following spells:

 Spells                   Type           Power      Damage    Failure   Level
 Ensorcelled Hibernation  Hex/Ice        12%        N/A       17%         2
 Confusing Touch          Hex            11%        N/A       19%         3
 Tukima's Dance           Hex            11%        N/A       19%         3
 Dazzling Flash           Conj/Hex       12%        N/A       32%         3


Dungeon Overview and Level Annotations

Branches:
Dungeon (1/15)

Altars:


Innate Abilities, Weirdness & Mutations

You have extremely sharp teeth.
When hurt, damage is shared between your health and your magic reserves.
Your bite disrupts and absorbs the magic of your enemies.
Potions cannot restore your health.


Message History

A rat comes into view.
You closely miss the gnoll. Your bite misses the gnoll.
The gnoll closely misses you.
You hit the gnoll. You bite the gnoll. You drain its power.
You feel invigorated.
The gnoll is moderately wounded.
The giant cockroach bites you but does no damage.
The gnoll barely misses you.
You hit the gnoll but do no damage.
The gnoll is moderately wounded.
The giant cockroach bites you. The gnoll closely misses you.
The giant cockroach bites you.
You hit the gnoll. You bite the gnoll. You drain its power.
You feel invigorated.
The gnoll is severely wounded.
The gnoll misses you.
The giant cockroach bites you but does no damage.
You closely miss the gnoll.
The gnoll is severely wounded.
The gnoll barely misses you. The giant cockroach closely misses you.
You hit the gnoll.
The gnoll is severely wounded.
The giant cockroach closely misses you. The gnoll hits you with a +0 whip!
You are too injured to fight recklessly!
You are too injured to fight recklessly!
You are too injured to fight recklessly!
You closely miss the giant cockroach. The giant cockroach closely misses you.
The gnoll hits you with a +0 whip.
* * * LOW HITPOINT WARNING * * *
You barely miss the giant cockroach. You bite the giant cockroach.
You drain its power.
You feel invigorated.
The giant cockroach is lightly wounded.
The giant cockroach misses you. The rat closely misses you.
The gnoll hits you with a +0 whip.
You closely miss the giant cockroach. Your bite misses the giant cockroach.
The giant cockroach is lightly wounded.
The giant cockroach bites you but does no damage.
The rat misses you. The gnoll hits you with a +0 whip!
Ouch! That really hurt!
You die...

......... #.......## #
.......... #........###
.........# #...........
.........# #..###......
.........# #.## ##.....
.........# #.# #...<.
........†# #.## ##.....
.........# #..###......
......B@.# #...........
......gr.####........###
....................## #
.....$..............#
....................## #
.....................###
........................
......##################
#####


You could see a gnoll, a giant cockroach and a rat.

Vanquished Creatures
  2 bats (D:1)
  An endoplasm (D:1)
  2 hobgoblins (D:1)
  A rat (D:1)
6 creatures vanquished.

Notes
Turn   | Place    | Note
-------+----------+-------------------------------------------
     0 | D:1      | purpskrrrp the Vine Stalker Enchanter began the quest for
                  | the Orb.
     0 | D:1      | Reached XP level 1. HP: 9/9 MP: 4/4
   253 | D:1      | Reached XP level 2. HP: 13/13 MP: 6/6
   264 | D:1      | Mangled by a gnoll

Illustrated notes

Levels and vault maps discovered:
D:1:      minmay_arrival_four_circles, layout_basic,
          hellmonk_ecumenical_altar_run_dry

Action                   || total
-------------------------++-------
Melee: Dagger            ||    23
       Bite              ||     7
 Stab: Sleeping          ||     1
Armor: Robe              ||    10
Dodge: Dodged            ||    23

Table legend: (Time is in decaauts)
 A = Elapsed time spent in this place.
 B = Non-inter-level travel time spent in this place.
 C = Inter-level travel time spent in this place.
 D = Time resting spent in this place.
 E = Time spent auto-exploring this place.
 F = Levels seen in this place.
 G = Mean time per level.
                   A        B        C        D        E       F      G
               +--------+--------+--------+--------+--------+-----+--------+
         Total |    263 |    263 |      0 |      0 |    186 |   1 |  263.0 |
       Dungeon |    263 |    263 |      0 |      0 |    186 |   1 |  263.0 |
               +--------+--------+--------+--------+--------+-----+--------+

Top non-repeatable levels by time:
     D:1: 263 daAuts
